 Dungeon Crawl Stone Soup version 0.28-a0-751-gef3a642a4e (webtiles) character file.

Game seed: 15441730081604785388

5415 croobank the Geomancer (level 10, -4/53 HPs)
             Began as a Gargoyle Earth Elementalist on Oct 31, 2021.
             Was a Believer of Vehumet.
             Slain by a seven-headed hydra (10 damage)
             ... on level 1 of the Lair of Beasts.
             The game lasted 01:34:04 (7278 turns).

croobank the Geomancer (GrEE)                       Turns: 7278, Time: 01:34:05

Health: -4/53      AC: 20    Str: 15    XL:     10   Next: 67%
Magic:  19/23      EV: 12    Int: 16    God:    Vehumet [**....]
Gold:   469        SH:  0    Dex: 10    Spells: 17/28 levels left

rFire   . . .      SeeInvis .   i - staff of earth
rCold   . . .      Faith    .   (no shield)
rNeg    + + .      Spirit   .   U - +1 steam dragon scales
rPois   ∞          Reflect  .   r - +2 helmet
rElec   +          Harm     .   (no cloak)
rCorr   .          Rampage  .   (no gloves)
Will    +....      Rnd*Tele +   h - +2 pair of boots
Stlth   ++........              g - amulet of the acrobat
HPRegen 0.17/turn               p - ring of positive energy
MPRegen 0.18/turn               H - ring of willpower

@: studying Polearms
A: sickness immunity, AC +7, negative energy resistance 1, electricity
resistance, torment resistance 1, petrification resistance, teleportitis 1
a: Renounce Religion


You were on level 1 of the Lair of Beasts.
You worshipped Vehumet.
Vehumet was pleased with you.
You visited 3 branches of the dungeon, and saw 10 of its levels.
You also visited: Sewer.

You collected 469 gold pieces.

Inventory:

Hand Weapons
 k - a +2 long sword
 y - a +0 short sword
 K - a +1 flail of draining
 T - a +1 glaive of flaming
 W - a +0 hand crossbow
Missiles
 e - 4 large rocks
 v - 35 poisoned darts
 E - 31 sling bullets
 F - 3 javelins
Armour
 b - a +0 scale mail
 h - a +2 pair of boots (worn)
 l - a +0 troll leather armour
 r - a +2 helmet (worn)
 I - a +0 plate armour
 J - a +3 leather armour
 M - a +0 leather armour
 U - +1 steam dragon scales (worn)
Magical Staves
 i - a staff of earth (weapon)
Jewellery
 g - an amulet of the acrobat (around neck)
 p - a ring of positive energy (left hand)
 H - a ring of willpower (right hand)
 N - a ring of resist corrosion
 O - an amulet of guardian spirit
Wands
 s - a wand of mindburst (4)
 G - a wand of polymorph (16)
 Q - a wand of charming (7)
 V - a wand of iceblast (13)
Scrolls
 d - a scroll of amnesia {unknown}
 f - 2 scrolls of blinking
 t - 4 scrolls of teleportation
 B - 5 scrolls of enchant weapon
 P - 2 scrolls of vulnerability {unknown}
 R - a scroll of holy word {unknown}
Potions
 j - 2 potions of curing
 m - 3 potions of attraction
 n - a potion of experience {unknown}
 q - a potion of haste {unknown}
 w - a potion of ambrosia {unknown}
 x - 3 potions of invisibility
 z - a potion of cancellation {unknown}
 A - 4 potions of might
 C - 2 potions of magic
 L - a potion of berserk rage {unknown}
 S - 2 potions of flight {unknown}


   Skills:
 + Level 2.1 Fighting
 + Level 0.1 Short Blades
 + Level 3.5 Staves
 + Level 3.3 Armour
 + Level 3.5 Dodging
 + Level 2.9 Stealth
 + Level 9.5 Spellcasting
 + Level 0.1 Conjurations
 + Level 0.7 Transmutations
 + Level 11.4 Earth Magic
 + Level 2.3 Evocations


You had 17 spell levels left.
You knew the following spells:

 Your Spells              Type           Power      Damage    Failure   Level
a - Sandblast             Erth           100%       2d20      1%          1
b - Passwall              Tmut/Erth      33%        N/A       1%          2
c - Stone Arrow           Conj/Erth      78%        3d11      2%          3
d - Shock                 Conj/Air       28%        1d4       10%         1
e - Magic Dart            Conj           32%        1d4       9%          1
f - Call Canine Familiar  Summ           7%         N/A       28%         3

Your spell library contained the following spells:

 Spells                   Type           Power      Damage    Failure   Level
 Mephitic Cloud           Conj/Pois/Air  7%         N/A       28%         3
 Petrify                  Tmut/Erth      40%        N/A       8%          4
 Leda's Liquefaction      Hex/Erth       19%        N/A       9%          4
 Corpse Rot               Necr/Air       14%        N/A       14%         2
 Poisonous Vapours        Pois/Air       14%        N/A       14%         2
 Portal Projectile        Hex/Tloc       14%        N/A       28%         3
 Fireball                 Conj/Fire      3%         3d4       95%         5
 Starburst                Conj/Fire      3%         6d3       100%        6
 Ignition                 Fire           3%         3d4       100%        8


Dungeon Overview and Level Annotations

Branches:
Dungeon (8/15)             Temple (1/1) D:4            Lair (1/6) D:8
  Sewer (visited)

Altars:
Ashenzari
Dithmenos
Elyvilon
Okawaru
Sif Muna
Trog
Vehumet
Wu Jian

Shops:
D:3 [

Annotations:
D:4 2 runed translucent doors, runninginthe90s's ghost, amateur OgGl


Innate Abilities, Weirdness & Mutations

You are immune to sickness and miasma.
Your stone body is resilient. (AC +7)
You are immune to poison.
You resist negative energy. (rN+)
You are resistant to electric shocks. (rElec)
You are resistant to unholy torment.
You are immune to petrification.
You are occasionally teleported next to monsters.


Message History

The seven-headed hydra bites you but does no damage.
The seven-headed hydra bites you!
The seven-headed hydra bites you but does no damage.
The seven-headed hydra bites you.
The seven-headed hydra closely misses you.
Press: ? - help, v - describe, . - travel
Here: a seven-headed hydra (severely wounded)
The floor, spattered with blood.
Casting: Sandblast (safe; 1% risk of failure)
Confirm with . or Enter, or press ? or * to list all spells.
Aiming: Shock (safe; 10% risk of failure)
Press: ? - help, Shift-Dir - straight line, f/p - seven-headed hydra
Aim: a seven-headed hydra (severely wounded, 89% to hit)
The zap hits the seven-headed hydra.
The seven-headed hydra is severely wounded.
The zap hits the fungus.
The fungus begins to die.
The fungus is lightly damaged.
The zap hits the fungus.
The fungus is lightly damaged.
The seven-headed hydra closely misses you.
The seven-headed hydra bites you.
The seven-headed hydra bites you but does no damage. x2
The seven-headed hydra bites you! The seven-headed hydra misses you.
The seven-headed hydra bites you but does no damage.
You don't have any stones to cast with.
You don't have any stones to cast with.
Casting: Sandblast (safe; 1% risk of failure)
Confirm with . or Enter, or press ? or * to list all spells.
Aiming: Magic Dart (safe; 9% risk of failure)
Press: ? - help, Shift-Dir - straight line, f/p - seven-headed hydra
Aim: a seven-headed hydra (severely wounded, 100% to hit)
The magic dart hits the seven-headed hydra.
The seven-headed hydra is severely wounded.
The seven-headed hydra bites you!
The seven-headed hydra bites you but does no damage. x2
The seven-headed hydra bites you!
* * * LOW HITPOINT WARNING * * *
The seven-headed hydra bites you but does no damage.
The seven-headed hydra bites you!
You die...

###
##....#
##...#
##.####
##.#.#
#P..##
###.##
#..##
#P..##
##.@P#
#.D.#
##..#
#P..
##...
....
.....
......


You could see a seven-headed hydra.

Vanquished Creatures
  A hydra (Lair:1)
  An elephant (D:8)
  Maggie (D:7)
  An unseen horror (D:7)
  A troll (D:7)
  6 yaks
  2 basilisks (D:8)
  2 steam dragons
  Menkaure (D:7)
  A water moccasin (D:7)
  2 ice beasts
  2 black bears
  8 wolves (Lair:1)
  A kobold brigand (D:7)
  2 bullfrogs
  3 scorpions
  2 water moccasin skeletons
  A centaur zombie (D:7)
  2 hounds
  A jelly (D:7)
  3 orc priests
  A bullfrog skeleton (D:7)
  4 orc wizards
  2 hound skeletons (D:4)
  A howler monkey zombie (D:5)
  3 gnolls (D:4)
  A howler monkey skeleton (D:7)
  15 adders
  A shadow imp (D:6)
  3 ufetubi
  An adder zombie (D:4)
  An adder skeleton (D:4)
  A worm (D:5)
  19 orcs
  6 ball pythons
  4 bats
  5 endoplasms
  2 giant cockroaches
  5 goblins
  7 hobgoblins
  6 jackals (Sewer)
  7 quokkas
  3 frilled lizards
  21 kobolds
  3 rats
166 creatures vanquished.

Vanquished Creatures (others)
  3 fungi (Lair:1)
  9 plants
12 creatures vanquished.

Grand Total: 178 creatures vanquished

Notes
Turn   | Place    | Note
-------+----------+-------------------------------------------
     0 | D:1      | croobank the Gargoyle Earth Elementalist began the quest
                  | for the Orb.
     0 | D:1      | Reached XP level 1. HP: 10/10 MP: 3/3
   135 | D:1      | Reached XP level 2. HP: 15/15 MP: 3/5
   149 | D:1      | Reached skill level 4 in Earth Magic
   720 | D:1      | You fall into a shaft and drop 1 floor!
   731 | D:2      | Reached XP level 3. HP: 19/19 MP: 4/6
   841 | D:2      | Found a faded altar of an unknown god.
   979 | D:2      | Found an iron altar of Okawaru.
  1283 | D:3      | Reached XP level 4. HP: 24/24 MP: 4/8
  1357 | D:3      | Found Koaff's Armour Shop.
  1686 | D:3      | Found a glowing drain.
  1695 | Sewer    | Entered a sewer
  2236 | Sewer    | Reached XP level 5. HP: 28/28 MP: 7/9
  2627 | D:3      | Reached skill level 5 in Earth Magic
  2935 | D:4      | Found a runed translucent door.
  2936 | D:4      | Noticed runninginthe90s's ghost (amateur OgGl)
  2985 | D:4      | Found a staircase to the Ecumenical Temple.
  2990 | D:4      | Reached XP level 6. HP: 33/33 MP: 6/12
  2990 | D:4      | Noticed a black bear
  2995 | D:4      | Killed a black bear
  2996 | D:4      | Reached skill level 6 in Earth Magic
  3025 | Temple   | Entered the Ecumenical Temple
  3064 | Temple   | Became a worshipper of Vehumet
  3198 | D:4      | Found a runed translucent door.
  3269 | D:4      | Reached skill level 1 in Armour
  3371 | D:4      | Reached XP level 7. HP: 37/37 MP: 9/14
  3604 | D:5      | Entered Level 5 of the Dungeon
  3613 | D:5      | Learned a level 2 spell: Passwall
  3709 | D:5      | Reached skill level 1 in Fighting
  3709 | D:5      | Reached skill level 5 in Spellcasting
  3874 | D:5      | Reached skill level 1 in Staves
  3933 | D:5      | Reached skill level 7 in Earth Magic
  4132 | D:5      | Reached * piety under Vehumet
  4132 | D:5      | Offered knowledge of Shock by Vehumet.
  4140 | D:5      | Gained mutation: You are occasionally teleported next to
                  | monsters. [mutagenic glow]
  4822 | D:6      | Found a bloodstained altar of Trog.
  4971 | D:6      | Noticed a steam dragon
  5020 | D:6      | Killed a steam dragon
  5021 | D:6      | Reached XP level 8. HP: 20/43 MP: 16/16
  5083 | D:6      | Learned a level 3 spell: Stone Arrow
  5085 | D:6      | Learned a level 1 spell: Shock
  5465 | D:6      | Found a sand-covered staircase.
  5580 | D:7      | Killed an unseen horror
  5581 | D:7      | Reached skill level 8 in Earth Magic
  5599 | D:7      | Reached skill level 1 in Evocations
  5869 | D:7      | Reached XP level 9. HP: 45/48 MP: 14/18
  5890 | D:7      | Offered knowledge of Magic Dart by Vehumet.
  5893 | D:7      | Learned a level 1 spell: Magic Dart
  5924 | D:7      | Learned a level 3 spell: Call Canine Familiar
  5975 | D:7      | Reached ** piety under Vehumet
  6049 | D:7      | Noticed a troll
  6050 | D:7      | Noticed Menkaure
  6055 | D:7      | Killed Menkaure
  6057 | D:7      | Killed a troll
  6058 | D:7      | Reached skill level 9 in Earth Magic
  6080 | D:7      | Found a white marble altar of Elyvilon.
  6159 | D:7      | Noticed Maggie
  6166 | D:7      | Killed Maggie
  6288 | D:8      | Found a staircase to the Lair.
  6308 | D:8      | Noticed an elephant
  6340 | D:8      | Reached skill level 10 in Earth Magic
  6342 | D:8      | Killed an elephant
  6345 | D:8      | Reached XP level 10. HP: 11/53 MP: 9/22
  6568 | Lair:1   | Entered Level 1 of the Lair of Beasts
  6636 | Lair:1   | Found an ornate altar of the Wu Jian Council.
  6733 | Lair:1   | Reached skill level 11 in Earth Magic
  6740 | Lair:1   | Offered knowledge of Mephitic Cloud by Vehumet.
  7079 | Lair:1   | Noticed a four-headed hydra
  7092 | Lair:1   | HP: 1/53 [four-headed hydra (9)]
  7095 | Lair:1   | Killed a four-headed hydra
  7269 | Lair:1   | Noticed a seven-headed hydra
  7278 | Lair:1   | Slain by a seven-headed hydra

Illustrated notes

Levels and vault maps discovered:
D:1:      sevenhm_arrival_forest_fort_small_3, layout_basic
D:2:      layout_rooms, chequers_ecumenical_altar_simple_redux, basic_altar,
          serial_bayou_pond_e, st_stairs_12
D:3:      layout_basic, serial_shops, shop, gup_sewer_entry_pipe,
          amcnicky_mini_rare_corridor_liquid, minivault_24
D:4:      layout_loops_ring, minmay_temple_entry_stoned_glass,
          ebering_ghost_sewer_f, minmay_manual_mess
D:5:      layout_loops_ring
D:6:      layout_rooms, trog_three_pillars_becter, enter_ossuary_5
D:7:      layout_rooms, lemuel_round_altar, st_stairs_2, uniq_menkaure,
          uniq_maggie
D:8:      layout_gridville, david_lair_generic, kennysheep_generic_room_11
Temple:   eino_temple_scatter_basement
Lair:1:   layout_cave_pods, basic_altar

Skill      XL: |  1  2  3  4  5  6  7  8  9 10 |
---------------+-------------------------------+-----
Earth Magic    | 4 5 6 7 8 10 11 | 11.4
Dodging        | 2 3 |  3.5
Spellcasting   | 3 4 5 6 8 9 |  9.5
Armour         | 1 2 3 |  3.3
Fighting       | 1 2 |  2.1
Staves         | 1 3 |  3.5
Evocations     | 1 2 |  2.3
Short Blades   | |  0.1
Stealth        | |  2.9
Conjurations   | |  0.1
Transmutations | |  0.7

Action                   |  1- 3 |  4- 6 |  7- 9 | 10-12 || total
-------------------------+-------+-------+-------+-------++-------
Melee: Dagger            |    12 |       |       |       ||    12
       Staff             |     3 |    53 |    91 |     8 ||   155
 Cast: Sandblast         |    33 |    79 |    88 |    46 ||   246
       Stone Arrow       |       |       |     4 |       ||     4
       Magic Dart        |       |       |     1 |     1 ||     2
       Shock             |       |       |       |     1 ||     1
Evoke: Wand              |       |       |    17 |     5 ||    22
  Use: Scroll            |     5 |     3 |     5 |     1 ||    14
       Potion            |       |       |     3 |     2 ||     5
Armor: Robe              |    19 |       |       |       ||    19
       Scale mail        |       |    58 |    16 |       ||    74
       Ring mail         |       |     9 |       |       ||     9
       Plate armour      |       |       |    70 |       ||    70
       Leather armour    |       |       |    29 |       ||    29
       Steam dragon scal |       |       |    12 |    43 ||    55
Dodge: Dodged            |    33 |    65 |    51 |    44 ||   193

Table legend: (Time is in decaauts)
 A = Elapsed time spent in this place.
 B = Non-inter-level travel time spent in this place.
 C = Inter-level travel time spent in this place.
 D = Time resting spent in this place.
 E = Time spent auto-exploring this place.
 F = Levels seen in this place.
 G = Mean time per level.
                   A        B        C        D        E       F      G
               +--------+--------+--------+--------+--------+-----+--------+
         Total |   7460 |   7393 |     67 |    769 |   4573 |  11 |  678.2 |
       Dungeon |   5669 |   5609 |     60 |    741 |   3189 |   8 |  708.6 |
        Temple |     48 |     41 |      7 |      0 |     31 |   1 |   48.0 |
          Lair |    710 |    710 |      0 |      6 |    555 |   1 |  710.0 |
         Sewer |   1031 |   1031 |      0 |     22 |    798 |   1 | 1031.0 |
               +--------+--------+--------+--------+--------+-----+--------+

Top non-repeatable levels by time:
     D:5: 1169 daAuts
   Sewer: 1031 daAuts
     D:4: 862 daAuts
     D:6: 801 daAuts
     D:1: 719 daAuts
     D:7: 718 daAuts
  Lair:1: 710 daAuts
     D:3: 568 daAuts
     D:2: 544 daAuts
     D:8: 285 daAuts
  Temple: 48 daAuts
